 Dungeon Crawl Stone Soup version 0.22.1-1-ga44c0e5 (webtiles) character file.

28 Anon1729 the Chopper (level 3, -1/32 HPs)
             Began as a Naga Gladiator on Oct 17, 2018.
             Slain by an adder (2 damage)
             ... on level 2 of the Dungeon.
             The game lasted 00:01:28 (1150 turns).

Anon1729 the Chopper (Naga Gladiator)               Turns: 1150, Time: 00:01:29

Health: -1/32      AC:  5    Str: 15 (16) XL:     3   Next: 12%
Magic:  3/3        EV: 10    Int:  6 (8)  God:
Gold:   82         SH:  0    Dex: 12 (13) Spells: 2/2 levels left

rFire    . . .     SeeInvis +   a - +0 war axe
rCold    . . .     Gourm    .   (no shield)
rNeg     . . .     Faith    .   b - +0 leather armour
rPois    +         Spirit   .   c - +0 helmet
rElec    .         Reflect  .   m - +1 cloak
rCorr    .         Harm     .   (no gloves)
MR       .....                  (no barding)
Stlth    +.........             (no amulet)
HPRegen  0.10/turn              (no ring)
MPRegen  0.08/turn              (no ring)

@: very slow
A: large, see invisible, deformed body, poison resistance, slowness 2, slow
metabolism 1, spit poison 1, AC +1
a: Spit Poison


You were on level 2 of the Dungeon.
You were not hungry.

You visited 1 branch of the dungeon, and saw 2 of its levels.

You collected 82 gold pieces.

Inventory:

Hand Weapons
 a - a +0 war axe (weapon)
 j - a +2 dagger of venom
Missiles
 d - 3 throwing nets (quivered)
Armour
 b - a +0 leather armour (worn)
 c - a +0 helmet (worn)
 m - a +1 cloak (worn)
Jewellery
 i - a cursed ring of teleportation {unknown}
 l - a cursed -2 ring of intelligence {unknown}
Scrolls
 h - a scroll of random uselessness {unknown}
Potions
 e - a potion of degeneration
 k - a potion of brilliance {unknown}
Comestibles
 f - a ration


   Skills:
 + Level 2.3 Fighting
 * Level 3.5 Axes
 + Level 2.0 Throwing
 + Level 2.7 Dodging


You had 2 spell levels left.
You didn't know any spells.
Your spell library was empty.

Dungeon Overview and Level Annotations

Branches:
Dungeon (2/15)

Altars:


Innate Abilities, Weirdness & Mutations

You cannot wear boots.
Your serpentine skin is tough. (AC +1)
You have supernaturally acute eyesight. (SInv)
Armour fits poorly on your strangely shaped body.
Your system is resistant to poisons. (rPois)
You cover ground very slowly.
You have a slow metabolism.
You can spit poison.


Message History

The quokka twitches its whiskers.
You slash the frilled lizard!
You kill the frilled lizard!
The kobold hits you but does no damage.
You barely miss the kobold. The kobold hits you but does no damage.
You barely miss the kobold. The kobold hits you but does no damage.
You barely miss the kobold.
You have got your breath back.
The kobold barely misses you. The kobold hits you with a dagger.
* * * LOW HITPOINT WARNING * * *
You barely miss the kobold. The kobold hits you with a dagger.
* * * LOW HITPOINT WARNING * * *
You slash the kobold!
You kill the kobold!
The adder barely misses you.
It was a potion of degeneration.
There was something very wrong with that liquid.
You feel weakened.
You feel dopey.
You feel clumsy. The adder bites you.
You die...

####### ....... ####
##....... .....
#......).
......#######........
.......@Srw..........
.......##....<.......
....... #.....#...##.
....... #........##
.>..... #.....##.#
..............# .#
................ .
........!.....#. ..
........#


You could see a worm, an adder and a quokka.

Vanquished Creatures
  A dart slug (D:1)
  A leopard gecko (D:1)
  A giant cockroach (D:1)
  8 goblins (D:1)
  3 hobgoblins
  3 jackals (D:1)
  A ball python (D:1)
  A frilled lizard (D:2)
  A kobold (D:2)
  3 rats (D:1)
23 creatures vanquished.

Notes
Turn   | Place    | Note
-------+----------+-------------------------------------------
     0 | D:1      | Anon1729 the Naga Gladiator began the quest for the Orb.
     0 | D:1      | Reached XP level 1. HP: 19/19 MP: 1/1
   185 | D:1      | Reached XP level 2. HP: 26/26 MP: 2/2
   929 | D:1      | Reached XP level 3. HP: 21/32 MP: 3/3
  1147 | D:2      | HP: 1/32 [kobold/dagger (2)]
  1150 | D:2      | Slain by an adder

Skill      XL: |  1  2 |
---------------+-------+-----
Throwing       | 2 |  2.0
Fighting       | |  2.3
Axes           | |  3.5
Dodging        | |  2.7

Action                   || total
-------------------------++-------
Melee: War axe           ||    51
 Abil: Spit Poison       ||     1
  Use: Potion            ||     1
Armor: Leather armour    ||    17
Dodge: Dodged            ||    33
